AoeStats
← Aziz

Black Forest

510281539Analyzed
4v4 RM · 23h ago on Sep 30, 2026· 76m 16s· 8 players
Game mode
Random Map
Map size
Large (8 player)
Population
200
Speed
Normal
Resources
Standard
Victory
Conquest
Starting age
Dark Age
Ending age
Imperial Age
RankedLock teamsTeams togetherTeam positionsShared explorationLock speedFull tech treeHidden civsTurbo modeCheats
Victory
Defeat
🇫🇷 Bengalis · France
696
+12
🇨🇿 Vietnamese · Czechia
668
+13
🇪🇸 Celts · Spain
659
+13
🇨🇭 Britons · Switzerland
657
+13
🇺🇸 Ethiopians · United States
662
-15
🇺🇿 Tatars · Uzbekistan
614
-13
🇮🇳 Burgundians · India
599
-13
🇮🇩 Aztecs · Indonesia
517
-10
ALVICEN
0:26 Loom
12:21 Feudal Age
13:43 Wheelbarrow
12:54 Town Watch
13:32 Fishing Lines
13:55 Double-Bit Axe
17:56 Horse Collar
24:25 Castle Age
24:17 Stone Mining
24:18 Gold Mining
24:21 Fletching
25:33 Bodkin Arrow
25:49 Gillnets
26:07 Pikeman
30:25 Forging
30:16 Scale Mail Armor
30:34 Caravan
32:05 Hand Cart
33:55 Murder Holes
34:11 Fortified Wall
34:12 Masonry
35:40 Ballistics
36:20 Stronghold
37:49 Bow Saw
37:42 Heavy Plow
38:20 Stone Shaft Mining
38:02 Town Patrol
40:01 Iron Casting
39:42 Chain Mail Armor
41:40 Gold Shaft Mining
41:46 Padded Archer Armor
41:52 Scale Barding Armor
44:41 Imperial Age
42:01 Gambesons
42:20 Husbandry
42:13 Arson
43:00 Leather Archer Armor
45:33 Furor Celtica
45:45 Conscription
46:42 Chemistry
45:32 Arrowslits
47:00 Elite Woad Raider
47:03 Heavy Scorpion
47:22 Capped Ram
48:36 Halberdier
53:38 Cavalier
55:25 Blast Furnace
54:56 Plate Mail Armor
54:47 Chain Barding Armor
54:58 Ring Archer Armor
56:30 Hoardings
56:05 Siege Engineers
55:49 Siege Ram
61:37 Paladin
61:40 Onager
63:12 Siege Onager
65:31 Heavy Mounted Crossbowman
Vachacorne
0:31 Loom
14:33 Feudal Age
15:21 Horse Collar
15:30 Double-Bit Axe
19:33 Castle Age
18:29 Padded Archer Armor
18:21 Fletching
20:24 Heavy Plow
20:39 Bow Saw
21:44 Leather Archer Armor
21:25 Bodkin Arrow
21:26 Gold Mining
25:59 Crossbowman
28:18 Caravan
30:01 Wheelbarrow
33:19 Imperial Age
31:41 Ballistics
31:22 Murder Holes
32:38 Hand Cart
32:12 Town Watch
31:56 Elite Skirmisher
34:55 Yeomen
34:07 Arbalester
35:27 Conscription
36:02 Town Patrol
37:09 Chemistry
35:41 Imperial Skirmisher
36:54 Ring Archer Armor
37:37 Warwolf
39:50 Gold Shaft Mining
40:26 Two-Man Saw
40:24 Elite Longbowman
41:02 Pikeman
41:44 Squires
41:30 Gambesons
41:51 Bracer
41:53 Scale Mail Armor
41:31 Halberdier
69:00 Chain Mail Armor
Gepardie
6:14 Loom
11:27 Feudal Age
12:16 Double-Bit Axe
19:03 Castle Age
18:41 Stone Mining
20:16 Bow Saw
21:12 Horse Collar
23:51 Fletching
25:56 Gold Mining
27:27 Wheelbarrow
28:18 Heavy Plow
30:35 Stone Shaft Mining
30:55 Thumb Ring
31:08 Elite Skirmisher
32:21 Bodkin Arrow
32:26 Padded Archer Armor
37:05 Imperial Age
34:26 Town Watch
34:58 Hand Cart
35:54 Leather Archer Armor
37:57 Ballistics
37:21 Treadmill Crane
38:05 Town Patrol
38:40 Crop Rotation
39:12 Two-Man Saw
38:16 Bracer
38:47 Ring Archer Armor
37:46 Imperial Skirmisher
38:54 Paper Money
40:45 Chemistry
39:53 Siege Engineers
39:59 Masonry
40:03 Fortified Wall
40:03 Caravan
41:11 Squires
41:00 Arson
40:39 Pikeman
41:35 Forging
41:26 Scale Mail Armor
41:31 Scale Barding Armor
40:53 Crossbowman
40:54 Heavy Cavalry Archer
41:04 Elite Rattan Archer
41:45 Chatras
46:27 Arbalester
47:46 Iron Casting
47:27 Chain Mail Armor
47:32 Chain Barding Armor
67:18 Husbandry
67:29 Bloodlines
66:45 Light Cavalry
69:21 Plate Barding Armor
69:17 Plate Mail Armor
69:45 Cavalier
71:42 Cavalier
71:50 Elite Battle Elephant
Pataterie 06
14:07 Feudal Age
21:37 Castle Age
25:56 Stone Mining
25:58 Horse Collar
26:07 Double-Bit Axe
33:38 Wheelbarrow
33:11 Scale Mail Armor
33:22 Forging
34:12 Bow Saw
35:07 Heavy Plow
35:34 Gold Mining
35:10 Pikeman
35:51 Squires
37:45 Chain Mail Armor
38:06 Iron Casting
37:42 Scale Barding Armor
40:36 Imperial Age
39:33 Hand Cart
40:30 Ballistics
40:09 Heated Shot
41:23 Chain Barding Armor
41:32 Siege Elephant
43:19 Crop Rotation
44:05 Two-Man Saw
43:20 Heavy Scorpion
46:32 Elite Ratha (Ranged)
47:09 Halberdier
50:37 Chemistry
55:42 Caravan
61:13 Blast Furnace
60:51 Plate Barding Armor
ShrouD
11:25 Wheelbarrow
16:24 Feudal Age
17:28 Hand Cart
17:35 Hand Cart
19:19 Padded Archer Armor
19:13 Fletching
19:30 Scale Barding Armor
19:26 Scale Mail Armor
19:37 Forging
23:09 Castle Age
35:46 Crossbowman
40:07 Imperial Age
45:04 Burgundian Vineyards
44:57 Capped Ram
47:11 Loom
51:16 Town Watch
56:03 Husbandry
55:25 Cavalier
55:27 Light Cavalry
56:30 Caravan
57:00 Coinage
56:42 Guilds
57:01 Paladin
57:01 Hussar
58:53 Guard Tower
59:23 Ballistics
59:09 Siphons
58:47 Treadmill Crane
68:24 Elite Coustillier
CHIP
0:51 Loom
16:11 Feudal Age
16:36 Double-Bit Axe
16:54 Arson
16:33 Man-at-Arms
19:10 Padded Archer Armor
21:58 Gold Mining
21:53 Horse Collar
22:18 Fletching
26:12 Castle Age
25:52 Forging
25:48 Scale Barding Armor
25:48 Scale Mail Armor
25:44 Stone Mining
26:49 Wheelbarrow
27:33 Husbandry
27:20 Crossbowman
28:07 Thumb Ring
35:10 Imperial Age
33:03 Heavy Plow
34:52 Bow Saw
34:48 Bodkin Arrow
35:08 Leather Archer Armor
36:34 Hand Cart
36:14 Arbalester
37:20 Ballistics
39:16 Chemistry
38:49 Elite Skirmisher
40:42 Siege Engineers
41:56 Two-Man Saw
44:30 Bracer
45:00 Ring Archer Armor
45:06 Iron Casting
44:53 Chain Barding Armor
45:00 Squires
45:36 Caravan
46:11 Conscription
47:00 Gold Shaft Mining
47:30 Onager
50:43 Halberdier
52:27 Heavy Camel Rider
55:20 Siege Onager
60:26 Torsion Engines
62:48 Royal Heirs
69:23 Elite Shotel Warrior
69:31 Heavy Scorpion
BelumWisuda
0:30 Loom
14:53 Feudal Age
16:29 Wheelbarrow
15:42 Horse Collar
15:57 Double-Bit Axe
27:03 Castle Age
26:55 Arson
28:07 Hand Cart
28:18 Stone Mining
28:19 Gold Mining
28:33 Heavy Plow
28:48 Bow Saw
28:43 Scale Mail Armor
28:54 Forging
28:47 Squires
29:39 Chain Mail Armor
29:41 Caravan
30:12 Coinage
40:15 Imperial Age
39:44 Iron Casting
41:34 Crop Rotation
42:24 Conscription
42:40 Plate Mail Armor
43:11 Blast Furnace
43:57 Garland Wars
42:59 Elite Jaguar Warrior
43:49 Capped Ram
44:49 Siege Ram
47:02 Banking
Aziz
5:46 Loom
11:37 Feudal Age
12:23 Double-Bit Axe
12:20 Horse Collar
13:28 Wheelbarrow
14:39 Town Watch
15:46 Gold Mining
25:00 Castle Age
25:34 Fletching
26:17 Bow Saw
26:29 Heavy Plow
28:11 Gold Shaft Mining
28:10 Bodkin Arrow
27:46 Crossbowman
30:44 Hand Cart
33:09 Imperial Age
30:45 Padded Archer Armor
33:00 Ballistics
33:14 Hand Cart
33:25 Town Patrol
34:25 Bloodlines
34:15 Husbandry
39:02 Crop Rotation
38:35 Stone Mining
41:32 Guilds
41:26 Caravan
41:21 Heavy Cavalry Archer
43:10 Conscription
43:15 Husbandry
43:28 Bracer
45:09 Leather Archer Armor
47:15 Ring Archer Armor
46:49 Silk Armor
47:57 Timurid Siegecraft
49:31 Siege Engineers
51:29 Forging
52:06 Scale Mail Armor
52:13 Scale Barding Armor
53:48 Elite Keshik
55:44 Chain Barding Armor
56:00 Iron Casting
57:02 Plate Barding Armor
60:09 Plate Barding Armor
60:10 Iron Casting
67:40 Blast Furnace
72:59 Herbal Medicine
Connection lost

Rejoining the realm…

Still unreachable

The connection could not be restored.

Session expired

The server has moved on; the page needs a fresh start.